 Dungeon Crawl Stone Soup version 0.27-a0-951-gae3e1deef5 (webtiles) character file.

Game seed: 12669694820642851265

9 Alarkh the Insei (level 2, 6/21 HPs)
             Began as a Demonspawn Transmuter on Apr 11, 2021.
             Got out of the dungeon alive.
             The game lasted 00:00:20 (169 turns).

Alarkh the Insei (Demonspawn Transmuter)             Turns: 169, Time: 00:00:21

Health: 6/21       AC:  2    Str: 10    XL:     2   Next: 6%
Magic:  5/5        EV: 12    Int: 16    God:
Gold:   0          SH:  0    Dex: 13    Spells: 4/5 levels left

rFire    . . .     SeeInvis .     - Unarmed
rCold    . . .     Faith    .   (no shield)
rNeg     . . .     Spirit   .   a - +0 robe
rPois    .         Reflect  .   (no helmet)
rElec    .         Harm     .   (no cloak)
rCorr    .         Rampage  .   (no gloves)
Will     .....                  (no boots)
Stlth    +.........             (no amulet)
HPRegen  0.07/turn              (no ring)
MPRegen  0.09/turn              (no ring)

@: no status effects
A: big brain 1
a: no special abilities


You escaped.
You visited 1 branch of the dungeon, and saw 1 of its levels.

Inventory:

Armour
 a - a +0 robe (worn)
Jewellery
 c - a ring of ice
Scrolls
 b - a scroll of silence {unknown}


   Skills:
 + Level 1.2 Fighting
 - Level 1.7 Dodging
 * Level 2.9 Unarmed Combat
 + Level 2.1 Spellcasting
 + Level 1.9 Transmutations


You had 4 spell levels left.
You knew the following spells:

 Your Spells              Type           Power      Damage    Failure   Level
a - Beastly Appendage     Tmut           16%        N/A       9%          1

Your spell library contained the following spells:

 Spells                   Type           Power      Damage    Failure   Level
 Wereblood                Tmut           8%         N/A       14%         2
 Spider Form              Tmut/Pois      2%         N/A       38%         3
 Ice Form                 Ice/Tmut       4%         N/A       80%         4
 Hydra Form               Tmut           4%         N/A       94%         5


Dungeon Overview and Level Annotations

Branches:
Dungeon (1/15)

Altars:


Innate Abilities, Weirdness & Mutations

You have an unusually large brain. (Int +2)


Message History

You kill the ball python!
The bat barely misses you. The bat hits you but does no damage.
You closely miss the bat. Your kick misses the bat. You headbutt the bat.
The bat is moderately wounded.
The bat barely misses you. x2; The bat completely misses you.
You closely miss the bat.
The bat is moderately wounded.
The bat barely misses you. The bat hits you but does no damage.
The bat hits you but does no damage. The bat misses you.
The bat hits you but does no damage. The bat hits you.
You hit the bat.
You kill the bat!
The bat barely misses you.
You have reached level 2!
Your demonic ancestry asserts itself...
Your brain expands.
You hit the bat.
The bat is heavily wounded.
The bat barely misses you.
Your horns disappear.
Your talons disappear.
The bat barely misses you. The bat hits you but does no damage.
You hit the bat but do no damage.
The bat is moderately wounded.
The bat closely misses you. x2
You hit the bat.
The bat is severely wounded.
The bat hits you.
* * * LOW HITPOINT WARNING * * *
The bat barely misses you. The bat hits you but does no damage.
You miss the bat.
The bat is severely wounded.
The bat closely misses you. The bat hits you.
* * * LOW HITPOINT WARNING * * *
You hit the bat.
You kill the bat!
Unknown command.
There is a staircase leading out of the dungeon here.
Are you sure you want to leave the Dungeon?
This will make you lose the game!
You have escaped!

.
#..###.....[...###..#...#
#.# ##.......# ##.#.# #.
#...†...# #.#.# #.
##.......## ##...#
###.........###....#
..................#....#
...................######
...................#
.........@.........#
...................#
...................#
..................#
###.........###....
##.......## ##..#.
#.......# .## # #.......#
.#


There were no monsters in sight!

Vanquished Creatures
  An endoplasm (D:1)
  A giant cockroach (D:1)
  A quokka (D:1)
  2 ball pythons (D:1)
  4 bats (D:1)
9 creatures vanquished.

Notes
Turn   | Place    | Note
-------+----------+-------------------------------------------
     0 | D:1      | Alarkh the Demonspawn Transmuter began the quest for the
                  | Orb.
     0 | D:1      | Reached XP level 1. HP: 15/15 MP: 3/3
   148 | D:1      | Gained mutation: You have an unusually large brain. (Int
                  | +2) [demonic ancestry]
   148 | D:1      | Reached XP level 2. HP: 7/21 MP: 5/5
   169 | D:$      | Got out of the dungeon alive.

Illustrated notes

Levels and vault maps discovered:
D:1:      minmay_arrival_four_circles, layout_basic,
          ebering_ecumenical_altar_box, minmay_misc_feat_iff, minmay_cut_off

Action                   || total
-------------------------++-------
Melee: Unarmed           ||    28
       Headbutt          ||     2
       Kick              ||     1
 Cast: Beastly Appendage ||     3
Armor: Robe              ||    21
Dodge: Dodged            ||    39

Table legend: (Time is in decaauts)
 A = Elapsed time spent in this place.
 B = Non-inter-level travel time spent in this place.
 C = Inter-level travel time spent in this place.
 D = Time resting spent in this place.
 E = Time spent auto-exploring this place.
 F = Levels seen in this place.
 G = Mean time per level.
                   A        B        C        D        E       F      G
               +--------+--------+--------+--------+--------+-----+--------+
         Total |    167 |    156 |     11 |      0 |    101 |   1 |  167.0 |
       Dungeon |    167 |    156 |     11 |      0 |    101 |   1 |  167.0 |
               +--------+--------+--------+--------+--------+-----+--------+

Top non-repeatable levels by time:
     D:1: 167 daAuts
